 Dungeon Crawl Stone Soup version 0.21.1-1-g345015fe64 (webtiles) character file.

105 Peloso the Covered (level 4, -8/40 HPs)
             Began as a Minotaur Fighter on July 9, 2018.
             Killed by divine providence
             ... invoked by an orc priest
              (12 damage)
             ... on level 3 of the Dungeon.
             The game lasted 00:04:33 (1864 turns).

Peloso the Covered (Minotaur Fighter)               Turns: 1864, Time: 00:04:33

Health: -8/40      AC:  9    Str: 25    XL:     4   Next: 53%
Magic:  3/3        EV:  8    Int:  5    God:
Gold:   105        SH: 10    Dex: 11    Spells: 3/3 levels left

rFire    . . .     SeeInvis .   a - +0 long sword
rCold    . . .     Gourm    .   c - +0 shield
rNeg     . . .     Faith    .   b - +0 scale mail
rPois    .         Spirit   .   (helmet restricted)
rElec    .         Reflect  .   (no cloak)
rCorr    .         Harm     .   r - +0 pair of gloves (curse)
MR       .....                  o - +0 pair of boots
Stlth    ..........             (no amulet)
HPRegen  0.13/turn              (no ring)
MPRegen  0.08/turn              (no ring)

@: mighty, slowed, very slow
A: retaliatory headbutt, horns 2
a: no special abilities


You were on level 3 of the Dungeon.
You were very hungry.

You visited 1 branch of the dungeon, and saw 3 of its levels.

You collected 105 gold pieces.

Inventory:

Hand Weapons
 a - a +0 long sword (weapon)
Missiles
 s - 30 bolts
Armour
 b - a +0 scale mail (worn)
 c - a +0 shield (worn)
 o - a +0 pair of boots (worn)
 r - a cursed +0 pair of gloves (worn)
Scrolls
 g - a scroll of enchant weapon {unknown}
 h - 4 scrolls of remove curse {unknown}
 k - a scroll of teleportation {unknown}
 l - 2 scrolls of identify {unknown}
 m - a scroll of fear {unknown}
 n - a scroll of amnesia {unknown}
 p - a scroll of blinking {unknown}
Potions
 e - a potion of curing
 i - a potion of invisibility {unknown}
 j - a potion of lignification {unknown}
 t - a potion of flight {unknown}
Comestibles
 f - 6 rations


   Skills:
 + Level 4.2 Fighting
 + Level 3.2 Long Blades
 + Level 4.7 Armour
 + Level 1.0 Dodging
 + Level 4.4 Shields


You had 3 spell levels left.
You didn't know any spells.

Dungeon Overview and Level Annotations

Branches:
Dungeon (3/15)

Altars:


Innate Abilities, Weirdness & Mutations

You reflexively headbutt those who attack you in melee.
You have a pair of horns on your head.


Message History

You hear a shout!
You slash the orc wizard! Your headbutt misses the orc wizard.
The orc wizard is almost dead.
The orc wizard casts a spell.
The orc wizard flickers and vanishes!
Deactivating autopickup; reactivate with Ctrl-A.
The orc wizard gestures at you while chanting.
The magic dart hits you!
* * * LOW HITPOINT WARNING * * *
The orc hits you but does no damage.
The orc wizard mumbles some strange words.
The orc wizard blinks!
You block the orc's attack.
An orc comes into view.
You slash the orc!
You kill the orc!
You block something's attack. The orc barely misses you.
You furiously retaliate!
You headbutt the orc.
The orc priest calls down the wrath of Beogh upon you.
Beogh smites you!
You die...

#### #.. #o# #@# #[# #o# #.#
#####)# #.()..# #o#####
...######.####################
.....o[(oo....................


You could see an orc priest and an orc.

Vanquished Creatures
  An ooze (D:1)
  2 worms
  5 dart slugs
  2 leopard geckos (D:2)
  10 orcs (D:3)
  7 bats
  6 giant cockroaches
  4 goblins
  9 hobgoblins
  A quokka (D:2)
  9 frilled lizards
  8 kobolds
  9 rats
73 creatures vanquished.

Notes
Turn   | Place    | Note
-------+----------+-------------------------------------------
     0 | D:1      | Peloso the Minotaur Fighter began the quest for the Orb.
     0 | D:1      | Reached XP level 1. HP: 19/19 MP: 0/0
   135 | D:1      | Reached XP level 2. HP: 24/27 MP: 1/1
   659 | D:1      | Reached XP level 3. HP: 33/33 MP: 2/2
  1586 | D:2      | Reached XP level 4. HP: 40/40 MP: 3/3
  1767 | D:3      | Reached skill level 1 in Dodging
  1864 | D:3      | Killed from afar by an orc priest

Skill      XL: |  1  2  3  4 |
---------------+-------------+-----
Armour         | 4 |  4.7
Shields        | 4 |  4.4
Fighting       | 4 |  4.2
Long Blades    | 3 |  3.2
Dodging        | 1 |  1.0

Action                   |  1- 3 |  4- 6 || total
-------------------------+-------+-------++-------
Melee: Long sword        |    90 |    50 ||   140
       Headbutt          |    14 |     9 ||    23
  Use: Potion            |       |     2 ||     2
  Eat: Chunk             |     2 |       ||     2
Armor: Scale mail        |    42 |    13 ||    55
Dodge: Dodged            |    31 |    13 ||    44
Block: Shield            |    48 |    17 ||    65
       Rpst.: Long sword |     8 |     4 ||    12
